[Event "Titled Tuesday Blitz December 27 Late 2022"]
[White "Marcolino, Daniel Mattos"]
[Black "Hernandez Jimenez, Alexander Andres"]
[WhiteFideId "2106841"]
[BlackFideId "3900452"]
[WhiteElo "2006"]
[BlackElo "2134"]
[Result "0-1"]
[Round "11"]
[TimeControl "180+2"]
[Date "2022.12.27"]
[WhiteClock "0:00:06"]
[BlackClock "0:00:37"]

1. d4 Nf6 2. Nf3 e6 3. g3 b6 4. Bg2 Bb7 5. O-O c5 6. dxc5 Bxc5 7. c4 O-O 8. Nc3 Be7 9. Bf4 d6 10. Nb5 e5 11. Bg5 a6 12. Nc3 Nbd7 13. Nd2 Qc7 14. Bxb7 Qxb7 15. Qc2 Rac8 16. Qd3 Rfd8 17. Bxf6 Nxf6 18. e4 b5 19. cxb5 axb5 20. a3 d5 21. Qxb5 Qxb5 22. Nxb5 Nxe4 23. Nxe4 dxe4 24. Rac1 Rb8 25. a4 Rd2 26. b3 f5 27. Rfd1 Bb4 28. Rxd2 Bxd2 29. Rc5 Re8 30. Kf1 e3 31. fxe3 Bxe3 32. Rc7 Bb6 33. Rb7 Ba5 34. Nd6 Rd8 35. Nxf5 Rf8 36. g4 g6 37. Rb5 Bc3 38. Rc5 Bd4 39. Rc7 gxf5 40. gxf5 Rxf5+ 41. Ke1 Rf3 42. Rb7 e4 43. b4 Ra3 44. a5 e3 45. Rd7 Bc3+ 46. Ke2 Bxb4 47. Rd8+ Kg7 48. Rd7+ Kg6 49. a6 Rxa6 50. Kxe3 Ra2 51. h3 Ra3+ 52. Kf2 Rxh3 53. Kg2 Rb3 54. Rc7 Bc3 55. Rc6+ Bf6 56. Ra6 h5 57. Ra4 Kf5 58. Ra5+ Be5 59. Ra4 Bf4 60. Ra2 Kg4 61. Ra4 h4 62. Ra8 h3+ 63. Kh1 Rb1# 0-1


[Site "https://www.chess.com"]

[Event "Titled Tuesday Blitz December 27 Late 2022"]
[White "Martinez Alcantara, Jose Eduardo"]
[Black "Talibov, Shiroghlan"]
[WhiteFideId "3805662"]
[BlackFideId "13429078"]
[WhiteElo "2619"]
[BlackElo "2359"]
[Result "1/2-1/2"]
[Round "11"]
[TimeControl "180+2"]
[Date "2022.12.27"]
[WhiteClock "0:01:40"]
[BlackClock "0:01:37"]

1. e4 e5 2. Nf3 Nc6 3. Bb5 a6 4. Ba4 d6 5. c3 Bd7 6. d4 Nf6 7. O-O g6 8. dxe5 Nxe5 9. Nxe5 dxe5 10. Nd2 Bg7 11. Bxd7+ Qxd7 12. Qe2 O-O 13. Nf3 Qe6 14. Bg5 h6 15. Bxf6 Bxf6 16. Rfd1 Rfd8 17. h3 Rxd1+ 18. Qxd1 Rd8 19. Qe2 Kg7 20. a3 Be7 21. Rd1 Rxd1+ 22. Qxd1 Bd6 23. Qe2 Qb3 24. g3 b5 25. Kg2 a5 26. h4 h5 27. Ng5 Be7 28. Nf3 Bd6 29. Ne1 b4 30. axb4 axb4 31. cxb4 Qxb4 32. Nf3 Qb3 33. Qd2 Qc4 34. Qe3 Qc2 1/2-1/2


[Site "https://www.chess.com"]

[Event "Titled Tuesday Blitz December 27 Late 2022"]
[White "Martinez Ramirez, Lennis"]
[Black "Kretchetov, Alexandre"]
[WhiteFideId "3509079"]
[BlackFideId "4124588"]
[WhiteElo "2426"]
[BlackElo "2195"]
[Result "1-0"]
[Round "11"]
[TimeControl "180+2"]
[Date "2022.12.27"]
[WhiteClock "0:01:34"]
[BlackClock "0:00:23"]

1. d4 Nf6 2. c4 e6 3. Nf3 d5 4. Nc3 a6 5. cxd5 exd5 6. Bf4 Be6 7. e3 Nbd7 8. Bd3 Be7 9. O-O Nh5 10. Be5 Nxe5 11. dxe5 c5 12. h3 g6 13. a3 O-O 14. Rb1 Rc8 15. Ne2 Qd7 16. b4 b6 17. bxc5 bxc5 18. Bxa6 Ra8 19. Rb7 Qd8 20. Bb5 Rxa3 21. g4 Ng7 22. Nf4 Ra5 23. Bc6 d4 24. exd4 Bc8 25. Rxe7 Qxe7 26. d5 Ra3 27. d6 Qd8 28. Nd5 Kh8 29. Nf6 Ne6 30. d7 Ba6 31. Re1 Qc7 32. Qd2 Kg7 33. Ne8+ Rxe8 34. dxe8=N+ Kf8 35. Qh6+ Ke7 36. Nxc7 1-0


[Site "https://www.chess.com"]

[Event "Titled Tuesday Blitz December 27 Late 2022"]
[White "Mekhitarian, Krikor Sevag"]
[Black "Kleiman, Jake"]
[WhiteFideId "2107660"]
[BlackFideId "2020041"]
[WhiteElo "2537"]
[BlackElo "2399"]
[Result "0-1"]
[Round "11"]
[TimeControl "180+2"]
[Date "2022.12.27"]
[WhiteClock "0:00:02"]
[BlackClock "0:00:32"]

1. Nf3 Nf6 2. c4 e6 3. Nc3 Bb4 4. Qc2 O-O 5. a3 Bxc3 6. Qxc3 d6 7. d4 b6 8. b4 Bb7 9. Bb2 Nbd7 10. e3 Re8 11. Be2 e5 12. O-O Qe7 13. h3 h6 14. Rfd1 Rad8 15. a4 exd4 16. Nxd4 Ne4 17. Qc2 Qg5 18. Bf3 a5 19. bxa5 bxa5 20. Nb5 Rc8 21. Rd4 Ndc5 22. Ba3 Re7 23. Rad1 Rce8 24. Bb2 Bc6 25. Ba3 Ba8 26. Bb2 Bb7 27. Ba3 Ba8 28. Bb2 f5 29. Rd5 Bxd5 30. cxd5 f4 31. Bc1 fxe3 32. Bxe3 Qf6 33. Nd4 Ng5 34. Bh5 Rf8 35. Nc6 Re4 36. Bg4 Rfe8 37. Kh1 Rxe3 38. fxe3 Rxe3 39. Nd4 Qe5 40. Nf3 Nxf3 41. Bxf3 Re1+ 42. Rxe1 Qxe1+ 43. Kh2 Qe5+ 44. Kh1 Qd4 45. Qf5 Qa1+ 46. Kh2 Qe5+ 47. Qxe5 dxe5 48. Bd1 Kf7 49. Kg3 Ke7 50. Kg4 g6 51. h4 Kf6 52. Bc2 Nb7 53. Kf3 Nd6 54. Ke3 Nc4+ 55. Kd3 Nb6 56. Bb3 Ke7 57. Ke4 Kd6 58. g4 Nd7 59. Bc2 Nf6+ 60. Kf3 g5 61. hxg5 hxg5 0-1


[Site "https://www.chess.com"]

[Event "Titled Tuesday Blitz December 27 Late 2022"]
[White "Melikhov, Evgeny V."]
[Black "Pinheiro, Iung Alicio de O."]
[WhiteFideId "4122046"]
[BlackFideId "2104350"]
[WhiteElo "2269"]
[BlackElo "2306"]
[Result "0-1"]
[Round "11"]
[TimeControl "180+2"]
[Date "2022.12.27"]
[WhiteClock "0:00:09"]
[BlackClock "0:00:07"]

1. d4 Nf6 2. c4 g6 3. Nc3 d5 4. Nf3 Bg7 5. e3 O-O 6. Be2 c5 7. O-O cxd4 8. exd4 Nc6 9. Re1 b6 10. Ne5 Bb7 11. Bf3 Na5 12. b3 Rc8 13. Bg5 dxc4 14. Bxb7 Nxb7 15. bxc4 Na5 16. c5 bxc5 17. d5 Ne8 18. Rc1 f6 19. d6 Nxd6 20. Qd5+ Kh8 21. Qe6 fxg5 22. Nd5 Nc6 23. Nxc6 Rxc6 24. Nxe7 Rc7 25. Rcd1 Rxe7 26. Qxe7 Qxe7 27. Rxe7 Bd4 28. Rb1 Rxf2 29. Kh1 Rf7 30. Re6 Rd7 31. h3 Nf5 32. Rb5 Kg7 33. a4 h5 34. a5 h4 35. a6 Bf2 36. Rb7 Rf7 37. Rc6 c4 38. Rcc7 Rxc7 39. Rxc7+ Kf6 40. Rxc4 Nd6 41. Rc6 Ke6 42. Rc7 Bb6 43. Rg7 Kf6 44. Rd7 Nb5 45. Rb7 Kf5 46. Kh2 Nc7 47. Rb8 Nxa6 48. Rc8 Nc5 49. g4+ Kf6 50. Kg2 Ne6 51. Kf3 Nf4 52. Rc6+ Kf7 53. Ke4 Nxh3 54. Ke5 Nf4 55. Rf6+ Kg7 56. Rc6 h3 57. Rc2 Bg1 58. Rc7+ Kf8 59. Kf6 Nd5+ 60. Kxg6 Nxc7 61. Kxg5 h2 62. Kh4 h1=Q+ 63. Kg5 Qd5+ 64. Kg6 Be3 65. g5 Qxg5+ 66. Kh7 Qg7# 0-1


[Site "https://www.chess.com"]

[Event "Titled Tuesday Blitz December 27 Late 2022"]
[White "Moral Garcia, Serafin"]
[Black "Martinez Reyes, Pedro Ramon"]
[WhiteFideId "2201925"]
[BlackFideId "3901807"]
[WhiteElo "2238"]
[BlackElo "2376"]
[Result "1-0"]
[Round "11"]
[TimeControl "180+2"]
[Date "2022.12.27"]
[WhiteClock "0:00:14"]
[BlackClock "0:00:04"]

1. Nf3 f5 2. b3 Nf6 3. Bb2 e6 4. c4 Be7 5. e3 b6 6. Be2 Bb7 7. O-O O-O 8. Nc3 Ne4 9. d3 Nxc3 10. Bxc3 a5 11. Qd2 Na6 12. d4 Qe8 13. Ne5 d6 14. Bf3 Bxf3 15. Nxf3 Bf6 16. Rfe1 Nb8 17. e4 Qd7 18. Re2 Nc6 19. Rae1 Rae8 20. d5 exd5 21. exd5 Rxe2 22. Rxe2 Nd8 23. Bxf6 Rxf6 24. Nd4 c5 25. dxc6 Nxc6 26. Nxc6 Qxc6 27. Qd4 h6 28. h3 Kh7 29. g3 Qc5 30. Rd2 Re6 31. Qxc5 dxc5 32. Kf1 Kg6 33. Rd7 Kf6 34. Rb7 g5 35. Kg2 Ke5 36. Rd7 f4 37. Kf3 Rf6 38. Kg4 Ke4 39. Rd2 fxg3 40. fxg3 Ke3 41. Rd7 Kf2 42. Rb7 Ke3 43. Kh5 Kf3 44. h4 g4 45. Rg7 Kxg3 46. Rxg4+ Kh3 47. Rg6 Rf4 48. Rxb6 Rxh4+ 49. Kg6 a4 50. Rb5 axb3 51. axb3 Kg4 52. Rxc5 Rh3 53. b4 h5 54. Rg5+ Kf4 55. Rxh5 Rg3+ 56. Kf6 Rb3 57. b5 Ke4 58. Rc5 Kd4 59. Rc6 Rb4 60. Ke6 Rb1 61. b6 Kc3 62. c5 Kb4 63. Rc7 Ka5 64. b7 Ka6 65. c6 Ka7 66. Rc8 Rb6 67. Ra8# 1-0


[Site "https://www.chess.com"]

[Event "Titled Tuesday Blitz December 27 Late 2022"]
[White "Mushini Ajay"]
[Black "Carbone, Diego"]
[WhiteFideId "35066188"]
[BlackFideId "3002179"]
[WhiteElo "2310"]
[BlackElo "2336"]
[Result "0-1"]
[Round "11"]
[TimeControl "180+2"]
[Date "2022.12.27"]
[WhiteClock "0:00:02"]
[BlackClock "0:00:04"]

1. e4 e5 2. Nf3 Nc6 3. Bb5 a6 4. Bxc6 dxc6 5. d3 f6 6. Nbd2 Ne7 7. Nc4 Ng6 8. Ne3 Bc5 9. Nf5 O-O 10. g4 Be6 11. h4 Qd7 12. h5 Ne7 13. Rg1 Kh8 14. Be3 Bxe3 15. Nxe3 c5 16. g5 fxg5 17. Nxg5 Rf4 18. Qe2 Raf8 19. Rg2 Bg8 20. O-O-O Qa4 21. a3 b5 22. c4 Nc6 23. Nc2 bxc4 24. Nh3 cxd3 25. Qxd3 Rf3 26. Qd7 R3f7 27. Qg4 Nd4 28. Nxd4 cxd4 29. h6 g6 30. f4 exf4 31. Ng5 Re7 32. Rc2 Bb3 33. Qg1 Bxc2 34. Rxd4 Qc6 35. Kd2 Bb3 36. Nf3 Rd7 37. Ke1 Rfd8 0-1


[Site "https://www.chess.com"]

[Event "Titled Tuesday Blitz December 27 Late 2022"]
[White "Oro, Faustino"]
[Black "Silva, Miguel Antonio Neto"]
[WhiteFideId "20000197"]
[BlackFideId "1911929"]
[WhiteElo "2269"]
[BlackElo "2204"]
[Result "1-0"]
[Round "11"]
[TimeControl "180+2"]
[Date "2022.12.27"]
[WhiteClock "0:00:17"]
[BlackClock "0:00:56"]

1. e4 c6 2. d4 d5 3. e5 Bf5 4. Nf3 e6 5. Be2 Nd7 6. O-O Ne7 7. a4 h6 8. Nbd2 a6 9. a5 Rc8 10. c3 c5 11. dxc5 Nxc5 12. Nd4 Bg6 13. N2f3 Nf5 14. Nxf5 Bxf5 15. Be3 Be7 16. Nd4 Bh7 17. f4 Be4 18. Bg4 g6 19. Qd2 Bf5 20. Nxf5 gxf5 21. Bh5 Ne4 22. Qe2 Bc5 23. Rf3 Qe7 24. Kh1 Rg8 25. Raf1 Bxe3 26. Rxe3 Rc4 27. g4 fxg4 28. f5 Kd8 29. fxe6 fxe6 30. Rd3 Qg5 31. Bf7 Rg7 32. Bxe6 Ke7 33. Bxd5 Qxe5 34. Bxc4 Ng3+ 35. Rxg3 Qxe2 36. Bxe2 h5 37. h3 Rg5 38. hxg4 hxg4 39. Rxg4 Rxa5 40. Re4+ Kd6 41. Rf6+ Kc7 42. Re7+ Kb8 43. Bf3 Rb5 44. Rff7 Rxb2 45. Rxb7+ Rxb7 46. Rxb7+ Kc8 47. Ra7 1-0


[Site "https://www.chess.com"]

[Event "Titled Tuesday Blitz December 27 Late 2022"]
[White "Papayan, Oleg"]
[Black "Poliakova, Varvara"]
[WhiteFideId "4193911"]
[BlackFideId "13518313"]
[WhiteElo "2253"]
[BlackElo "2010"]
[Result "1/2-1/2"]
[Round "11"]
[TimeControl "180+2"]
[Date "2022.12.27"]
[WhiteClock "0:00:02"]
[BlackClock "0:01:02"]

1. e4 e5 2. Nf3 Nc6 3. Bb5 a6 4. Bxc6 dxc6 5. O-O f6 6. d4 exd4 7. Nxd4 c5 8. Nb3 Qxd1 9. Rxd1 Bd6 10. Na5 Ne7 11. Nc4 Be5 12. Be3 b6 13. f4 Be6 14. Nxe5 fxe5 15. f5 Bf7 16. g4 Nc6 17. c3 Rd8 18. Rxd8+ Kxd8 19. Nd2 Kc8 20. Nf3 Rd8 21. Kf2 Bc4 22. g5 Bd3 23. Nd2 Na5 24. b3 c4 25. b4 Nb7 26. Rg1 Nd6 27. Rg4 Rf8 28. Kg2 Kd7 29. Rh4 h6 30. gxh6 gxh6 31. Bxh6 Rg8+ 32. Kf2 Rh8 33. Ke3 Bxe4 34. Rxe4 Nxf5+ 35. Kf3 Rxh6 36. Nxc4 Rxh2 37. Nxe5+ Kc8 38. Re2 Rxe2 39. Kxe2 Nd6 40. Kd3 1/2-1/2


[Site "https://www.chess.com"]

[Event "Titled Tuesday Blitz December 27 Late 2022"]
[White "Petrovic, Aleksa"]
[Black "Yuan, Qingyu"]
[WhiteFideId "967629"]
[BlackFideId "8609772"]
[WhiteElo "2332"]
[BlackElo "2373"]
[Result "0-1"]
[Round "11"]
[TimeControl "180+2"]
[Date "2022.12.27"]
[WhiteClock "0:00:01"]
[BlackClock "0:00:04"]

1. e4 e5 2. Nf3 Nc6 3. Bc4 Bc5 4. c3 Nf6 5. d4 exd4 6. cxd4 Bb4+ 7. Nc3 Nxe4 8. O-O Bxc3 9. bxc3 d5 10. Ba3 Be6 11. Bb5 f6 12. Re1 Kf7 13. Rc1 Na5 14. c4 c6 15. Ba4 Re8 16. Bb4 Nd6 17. cxd5 Bxd5 18. Rxe8 Nxe8 19. Qd2 Nc4 20. Qf4 Ned6 21. Bc2 Kg8 22. Bb3 Qd7 23. Bxd6 Nxd6 24. Bxd5+ cxd5 25. h4 b6 26. Re1 h5 27. Qd2 Ne4 28. Qd3 Rc8 29. Nd2 Rc3 30. Qe2 Rc2 31. Qxh5 Rxd2 32. Rc1 Nd6 33. Qxd5+ Kf8 34. Qh5 Nf7 35. Qf3 Rxd4 36. Qa8+ Nd8 37. Rc8 Qd6 38. g3 Rd1+ 39. Kh2 Qd5 40. Qxa7 Qh1# 0-1


[Site "https://www.chess.com"]

[Event "Titled Tuesday Blitz December 27 Late 2022"]
[White "Preotu, Razvan"]
[Black "Vlassov, Nikolai"]
[WhiteFideId "2613280"]
[BlackFideId "4103360"]
[WhiteElo "2475"]
[BlackElo "2283"]
[Result "1-0"]
[Round "11"]
[TimeControl "180+2"]
[Date "2022.12.27"]
[WhiteClock "0:00:39"]
[BlackClock "0:00:36"]

1. e4 Nc6 2. Nf3 d5 3. exd5 Qxd5 4. Nc3 Qa5 5. Bb5 Bd7 6. d4 a6 7. Ba4 O-O-O 8. O-O Qh5 9. d5 b5 10. Bb3 Bg4 11. h3 Bxf3 12. Qxf3 Qxf3 13. gxf3 Nd4 14. Be3 Nxb3 15. axb3 Kb7 16. Nxb5 axb5 17. Ra7+ Kc8 18. Bf4 Rxd5 19. Ra8+ Kd7 20. Rxf8 e5 21. c4 bxc4 22. bxc4 Rc5 23. Be3 Rxc4 24. Rd1+ Ke7 25. Rdd8 f5 26. b4 f4 27. Bc5+ Ke6 28. Rxg8 Rxg8 29. Rxg8 g6 30. Rg7 c6 31. Rxh7 Rc3 32. Kg2 1-0


[Site "https://www.chess.com"]

[Event "Titled Tuesday Blitz December 27 Late 2022"]
[White "Prieto Aranguren, Alain"]
[Black "Silvestre, Christian"]
[WhiteFideId "2268906"]
[BlackFideId "30956269"]
[WhiteElo "2258"]
[BlackElo "1942"]
[Result "1/2-1/2"]
[Round "11"]
[TimeControl "180+2"]
[Date "2022.12.27"]
[WhiteClock "0:01:16"]
[BlackClock "0:00:55"]

1. e4 c6 2. d4 g6 3. f4 Bg7 4. Nf3 d5 5. e5 Bg4 6. Be2 e6 7. O-O Ne7 8. c3 Nd7 9. Qe1 c5 10. Qg3 h5 11. h3 Nf5 12. Qf2 Bxf3 13. Bxf3 cxd4 14. cxd4 Bf8 15. Kh2 h4 16. Bg4 Ng3 17. Rd1 Rc8 18. Nc3 Bb4 19. Bd2 Bxc3 20. Bxc3 Ne4 21. Qf3 Nxc3 22. bxc3 Qa5 23. Rac1 Rc6 24. Rf1 Ke7 25. c4 dxc4 26. Qe3 Nb6 27. Bf3 Nd5 28. Bxd5 Qxd5 29. Qa3+ Ke8 30. Qxa7 Rc8 31. Rb1 b5 32. a4 bxa4 33. Rb7 Rh7 34. Rfb1 Kf8 35. R1b5 Qe4 36. Rb8 Qxf4+ 37. Kh1 Qc1+ 38. Kh2 Rxb8 39. Rxb8+ Kg7 40. Qa8 Kh6 41. Rh8 c3 42. Qf8+ Kg5 43. Rxh7 Qf4+ 44. Kg1 Qc1+ 45. Kh2 Qf4+ 46. Kg1 Qc1+ 47. Kh2 1/2-1/2


[Site "https://www.chess.com"]

[Event "Titled Tuesday Blitz December 27 Late 2022"]
[White "Przybylski, Wojciech"]
[Black "Fernandez Hernandez, Gerardo"]
[WhiteFideId "1117599"]
[BlackFideId "2207400"]
[WhiteElo "2321"]
[BlackElo "2181"]
[Result "1-0"]
[Round "11"]
[TimeControl "180+2"]
[Date "2022.12.27"]
[WhiteClock "0:01:04"]
[BlackClock "0:00:02"]

1. d4 Nf6 2. c4 c5 3. d5 b5 4. Qc2 b4 5. e4 d6 6. g3 g6 7. Bg2 Bg7 8. Ne2 O-O 9. O-O Nbd7 10. a4 a5 11. Nd2 Ba6 12. Ra2 e5 13. b3 Nh5 14. Nf3 h6 15. g4 Nf4 16. Nxf4 exf4 17. Bxf4 Qe7 18. Re1 Rae8 19. Qc1 g5 20. Bg3 Ne5 21. Nxe5 Bxe5 22. Rae2 Bc8 23. h3 f6 24. Bf3 Bxg3 25. fxg3 Qe5 26. Kg2 Bd7 27. Qe3 Rf7 28. Qd3 Qe7 29. Kf2 Qf8 30. Rh1 Re5 31. Re3 Rg7 32. Kg2 Qc8 33. Qd1 Rh7 34. Be2 Rg7 35. Rf1 Rge7 36. Bd3 Rf7 37. Ref3 Kg7 38. R1f2 h5 39. Qf1 hxg4 40. Rxf6 gxh3+ 41. Kh2 Rxf6 42. Rxf6 Qe8 43. Rxd6 Kg8 44. Qf6 Re7 45. Qxg5+ Rg7 46. Qf4 1-0


[Site "https://www.chess.com"]

[Event "Titled Tuesday Blitz December 27 Late 2022"]
[White "Ptacnikova, Lenka"]
[Black "Weisz, Bryan"]
[WhiteFideId "305650"]
[BlackFideId "30934133"]
[WhiteElo "2099"]
[BlackElo "1973"]
[Result "1/2-1/2"]
[Round "11"]
[TimeControl "180+2"]
[Date "2022.12.27"]
[WhiteClock "0:00:12"]
[BlackClock "0:00:04"]

1. d4 Nc6 2. d5 Ne5 3. f4 Ng6 4. Nf3 Nf6 5. Nc3 e6 6. e4 Bb4 7. dxe6 fxe6 8. Bd3 d5 9. exd5 Nxd5 10. Bxg6+ hxg6 11. Bd2 Bxc3 12. Bxc3 O-O 13. g3 Bd7 14. Be5 Bc6 15. Qe2 g5 16. Nxg5 Nxf4 17. Bxf4 Bxh1 18. Nxe6 Qe7 19. Nxf8 Qxf8 20. O-O-O Bc6 21. Qe6+ Qf7 22. Qe5 Qxa2 23. Qxc7 Re8 24. Rd8 Qa1+ 25. Kd2 Qxb2 26. Rxe8+ Bxe8 27. Qc4+ Bf7 28. Qc3 Qb6 29. Qe5 Qf2+ 30. Qe2 Qd4+ 31. Qd3 Qf2+ 32. Qe2 Qd4+ 33. Qd3 Qf2+ 34. Qe2 1/2-1/2


[Site "https://www.chess.com"]

[Event "Titled Tuesday Blitz December 27 Late 2022"]
[White "Putnam, Liam"]
[Black "Makarian, Rudik"]
[WhiteFideId "30938279"]
[BlackFideId "44105681"]
[WhiteElo "2285"]
[BlackElo "2545"]
[Result "1-0"]
[Round "11"]
[TimeControl "180+2"]
[Date "2022.12.27"]
[WhiteClock "0:00:07"]
[BlackClock "0:00:04"]

1. e4 e5 2. Nf3 Nc6 3. Bb5 a6 4. Ba4 Bc5 5. c3 Nge7 6. O-O Ba7 7. d4 Ng6 8. Bg5 f6 9. Be3 O-O 10. d5 Nce7 11. d6 cxd6 12. Bxa7 b5 13. Bb3+ Kh8 14. Be3 Bb7 15. Qxd6 Bxe4 16. Nbd2 Bb7 17. Qb6 Qc8 18. Qc5 Bc6 19. Rad1 Nf5 20. Bd5 Qe8 21. Bxc6 dxc6 22. Ne4 Ngh4 23. Nxh4 Nxh4 24. Ng3 Rc8 25. f4 exf4 26. Rxf4 Ng6 27. Re4 Qf7 28. b3 Rfe8 29. Bf2 Ne5 30. Kh1 h6 31. Bd4 Rcd8 32. Rf1 Rd5 33. Qb6 c5 34. Bxe5 Rdxe5 35. Rxe5 Rxe5 36. Qxa6 Qd7 37. Qa8+ Kh7 38. Qf3 Qd2 39. Ne4 Qd5 40. Ng3 Qd2 41. h3 Qxa2 42. Nh5 Qa7 43. Qg4 Qe7 44. Nf4 Rg5 45. Qf3 Re5 46. Qd3+ f5 47. Qxb5 Re1 48. Qd3 Re4 49. Qf3 g6 50. Nd3 Re3 51. Qd5 h5 52. Qxc5 Qe4 53. Qc7+ Kg8 54. Qd8+ Kh7 55. Nf4 Rg3 56. Qd7+ Kh8 57. Qd2 g5 58. Qd8+ Kh7 59. Qd7+ Kh8 60. Qd4+ Qxd4 61. cxd4 gxf4 62. Rxf4 Rxb3 63. Rxf5 h4 64. Rh5+ Kg7 65. Rxh4 Rd3 66. Kh2 Kf6 67. Rf4+ Kg5 68. Rg4+ Kf5 69. Kg1 Rd2 70. Kf1 Ra2 71. Rg3 Rd2 72. Rg4 Ra2 73. Rh4 Rd2 74. Rh8 Rxd4 75. Rg8 Rd2 76. Kg1 Ra2 77. Kh2 Ra3 78. h4 Kf4 79. g3+ Kf5 80. Kh3 Ra1 81. Rf8+ Kg6 82. Rf2 Ra4 83. Rf4 Ra1 84. Kg4 Ra6 85. h5+ Kh6 86. Kh4 Ra1 87. Rf6+ Kg7 88. Rg6+ Kh7 89. g4 Rh1+ 90. Kg5 Ra1 91. Rf6 Ra5+ 92. Rf5 Ra7 93. Kh4 Rb7 94. Rf4 Ra7 95. g5 Rb7 96. Kg4 Ra7 97. h6 Kg6 98. Rf6+ Kh7 99. Kh5 Ra5 100. Rf7+ Kg8 101. Rc7 Ra6 102. Rc8+ Kh7 103. g6+ Rxg6 104. Rc7+ Rg7 105. Rxg7+ Kh8 106. Rc7 1-0


[Site "https://www.chess.com"]

[Event "Titled Tuesday Blitz December 27 Late 2022"]
[White "Quinones Garcia, Santiago"]
[Black "Kozin, Yuri"]
[WhiteFideId "4408497"]
[BlackFideId "4129920"]
[WhiteElo "2248"]
[BlackElo "2251"]
[Result "1-0"]
[Round "11"]
[TimeControl "180+2"]
[Date "2022.12.27"]
[WhiteClock "0:00:19"]
[BlackClock "0:00:03"]

1. d4 d5 2. c4 c6 3. Nf3 Nf6 4. e3 e6 5. b3 Nbd7 6. Bb2 Bd6 7. Nbd2 O-O 8. Bd3 b6 9. Qc2 Bb7 10. Ne5 c5 11. Nxd7 Qxd7 12. dxc5 Bxc5 13. Bxf6 gxf6 14. Bxh7+ Kg7 15. Bd3 dxc4 16. Qxc4 Rfd8 17. Ke2 b5 18. Qc2 Rac8 19. Qb1 Bb4 20. Rd1 Bc3 21. Nf3 Bxa1 22. Qxa1 Bxf3+ 23. gxf3 e5 24. h4 Qc6 25. h5 Qc3 26. Qb1 Rh8 27. h6+ Rxh6 28. Bf5 Rc7 29. Qe4 Rh8 30. Rg1+ Kf8 31. Qa8+ Ke7 32. Qxh8 Qb2+ 33. Kf1 Rc1+ 34. Kg2 Rc2 35. Qh4 Re2 36. Bd3 Rxe3 37. Qb4+ 1-0


[Site "https://www.chess.com"]

[Event "Titled Tuesday Blitz December 27 Late 2022"]
[White "Rego, Pedro Filipe"]
[Black "Marjanovic, Annamaria"]
[WhiteFideId "1904310"]
[BlackFideId "750930"]
[WhiteElo "2312"]
[BlackElo "2273"]
[Result "0-1"]
[Round "11"]
[TimeControl "180+2"]
[Date "2022.12.27"]
[WhiteClock "0:00:01"]
[BlackClock "0:00:06"]

1. d4 d5 2. Nc3 Nf6 3. Bf4 e6 4. e3 a6 5. Nf3 c5 6. Be2 Nc6 7. Ne5 cxd4 8. exd4 Bd6 9. Bg3 O-O 10. Nxc6 bxc6 11. O-O c5 12. dxc5 Bxc5 13. Na4 Ba7 14. c4 Bb7 15. c5 Ne4 16. b4 Nxg3 17. hxg3 e5 18. Qd2 d4 19. f3 Qd7 20. Nb2 Bd5 21. Bc4 Qe6 22. Qd3 a5 23. a3 Rab8 24. Rfc1 axb4 25. axb4 Rxb4 26. Rxa7 Rxb2 27. Qa3 Rbb8 28. Ra6 Bxc4 29. Rxe6 Bxe6 30. c6 Rfc8 31. c7 Rb6 32. Qa7 Rd6 33. Qc5 Rd5 34. Qc6 d3 35. Kf2 d2 36. Rd1 Rd7 37. Qc3 f6 38. Rxd2 Rdxc7 39. Qa5 Kf7 40. g4 Rd7 41. Kg3 Rxd2 42. Qxd2 Rc7 43. Qd6 Rd7 44. Qb6 Rd5 45. Qb8 Rd7 46. Qc8 Rd5 47. Qb7+ Rd7 48. Qb4 h6 49. Kh4 Rd4 50. Qb7+ Rd7 51. Qb2 Re7 52. Kg3 Rd7 53. Qa3 Bc4 54. Qc3 Be6 55. Qa3 g6 56. Qa4 Re7 57. Qa3 f5 58. gxf5 Bxf5 59. Qc1 g5 60. Qc5 Kf6 61. Qd6+ Re6 62. Qf8+ Kg6 63. Qg8+ Kf6 64. Qh8+ Kg6 65. Qg8+ Kf6 66. Kf2 e4 67. g4 e3+ 68. Ke1 Bg6 69. Qh8+ Kf7 70. Qxh6 Re5 71. Qh2 Kf6 72. Qh8+ Ke6 73. Qc8+ Kf6 74. Qf8+ Ke6 75. Ke2 Bd3+ 76. Kxd3 e2 77. Qg8+ Kf6 78. Qh8+ Ke6 79. Qh6+ Kd5 80. Qh1 e1=Q 81. f4+ Qxh1 0-1


[Site "https://www.chess.com"]

[Event "Titled Tuesday Blitz December 27 Late 2022"]
[White "Ronka, Erik"]
[Black "reevecanada"]
[WhiteFideId "505080"]
[WhiteElo "2276"]
[BlackElo "2430"]
[Result "1/2-1/2"]
[Round "11"]
[TimeControl "180+2"]
[Date "2022.12.27"]
[WhiteClock "0:00:03"]
[BlackClock "0:00:08"]

1. d4 Nf6 2. Nf3 d5 3. g3 c6 4. Bg2 e6 5. O-O Bd6 6. Nbd2 Nbd7 7. c4 e5 8. cxd5 cxd5 9. dxe5 Nxe5 10. Nxe5 Bxe5 11. Nf3 Bc7 12. b3 O-O 13. Bb2 Re8 14. Rc1 Bb6 15. Bd4 Bd7 16. Qd3 a6 17. Bxb6 Qxb6 18. Nd4 Rac8 19. h3 Ne4 20. Rxc8 Rxc8 21. Nf3 Nxg3 22. Rd1 Bb5 23. Qxd5 Nxe2+ 24. Kh1 h6 25. Ne5 Qxf2 26. Qxb7 Re8 27. Ng4 Qf4 28. a4 Ng3+ 29. Kg1 Be2 30. Re1 h5 31. Nf2 Qd2 32. Ra1 Re6 33. Qb8+ Kh7 34. Qxg3 Rg6 35. Be4 Qd4 36. Bxg6+ fxg6 37. Re1 Qd2 38. Ne4 Qd4+ 39. Qf2 Qxe4 40. Rxe2 Qb1+ 41. Kg2 Qxb3 42. Re4 Qd5 43. Qf3 Qd2+ 44. Re2 Qg5+ 45. Qg3 Qd5+ 46. Kh2 Qf5 47. Rf2 Qd7 48. h4 Qxa4 49. Rg2 Qe8 50. Qg5 a5 51. Qxa5 Qb8+ 52. Kh3 Qc8+ 53. Kh2 Qb8+ 54. Rg3 Qb2+ 55. Kh3 Qf2 56. Qd5 Qf1+ 57. Qg2 Qf5+ 58. Kh2 Qf4 59. Kg1 Qxh4 60. Rxg6 Qe1+ 61. Kh2 Qh4+ 62. Kg1 Qd4+ 63. Kh1 Qh4+ 64. Kg1 1/2-1/2


[Site "https://www.chess.com"]

[Event "Titled Tuesday Blitz December 27 Late 2022"]
[White "Rosen, Eric"]
[Black "Della Corte, Alessandro"]
[WhiteFideId "2032562"]
[BlackFideId "813540"]
[WhiteElo "2349"]
[BlackElo "2160"]
[Result "0-1"]
[Round "11"]
[TimeControl "180+2"]
[Date "2022.12.27"]
[WhiteClock "0:00:03"]
[BlackClock "0:00:11"]

1. d4 d5 2. Bf4 Nf6 3. e3 Bg4 4. Qd3 e6 5. Qb5+ Nbd7 6. c4 Bd6 7. Bxd6 cxd6 8. Nc3 dxc4 9. Bxc4 Qb6 10. Qxb6 Nxb6 11. Bd3 Ke7 12. f3 Bh5 13. e4 d5 14. e5 Nfd7 15. Nb5 Bg6 16. Ke2 f6 17. f4 Be4 18. Nf3 f5 19. b3 h6 20. Nd6 Rab8 21. h4 Nc8 22. Nb5 a6 23. Nc3 Na7 24. h5 Nc6 25. Ke3 Rhc8 26. Rac1 Rc7 27. a3 Rbc8 28. Ne2 Na5 29. Rxc7 Rxc7 30. Nd2 Nb8 31. b4 Nac6 32. Rg1 Kf7 33. g4 Nd7 34. gxf5 exf5 35. Ng3 Nf8 36. Nxf5 Bxf5 37. Bxf5 Ne7 38. Bd3 Rc3 39. a4 Ra3 40. Ke2 Ne6 41. Bg6+ Nxg6 42. hxg6+ Ke7 43. Nf3 Nxf4+ 44. Kd2 Rxf3 45. Rc1 Rd3+ 46. Ke1 Rxd4 47. Rc7+ Ke6 48. Rxg7 Kxe5 49. Rxb7 Nxg6 50. Rb6 Nf4 51. Rxh6 Rxb4 52. Rxa6 Ke4 53. Kd2 Rb2+ 54. Kc3 Ra2 55. Ra8 d4+ 56. Kc4 Rc2+ 57. Kb3 d3 58. a5 Rc1 59. Kb2 Rc5 60. Re8+ Kd4 61. Rd8+ Nd5 62. a6 Ra5 63. Rd6 Kc5 64. Re6 d2 65. Kc2 Ra2+ 66. Kb1 Nc3# 0-1


[Site "https://www.chess.com"]

[Event "Titled Tuesday Blitz December 27 Late 2022"]
[White "Shapiro, Daniel"]
[Black "Curtis, John"]
[WhiteFideId "2001780"]
[BlackFideId "3200256"]
[WhiteElo "2284"]
[BlackElo "2292"]
[Result "1/2-1/2"]
[Round "11"]
[TimeControl "180+2"]
[Date "2022.12.27"]
[WhiteClock "0:00:12"]
[BlackClock "0:00:22"]

1. d4 d5 2. c4 e6 3. Nf3 Nf6 4. g3 Be7 5. Bg2 O-O 6. O-O c6 7. Qc2 Nbd7 8. Rd1 Re8 9. Nbd2 Bb4 10. a3 Bxd2 11. Bxd2 Ne4 12. Be1 Qf6 13. Nd2 Nxd2 14. Rxd2 Qg6 15. Qc3 Nf6 16. f3 Bd7 17. Bf2 Rac8 18. c5 Rcd8 19. Re1 Bc8 20. b4 a6 21. a4 Nd7 22. e4 f5 23. Rde2 fxe4 24. fxe4 Nf6 25. Bf3 dxe4 26. Bxe4 Nxe4 27. Rxe4 Rd5 28. g4 Rf8 29. Bg3 h6 30. h4 h5 31. gxh5 Rxh5 32. Kh2 Rhf5 33. Qe3 Rf3 34. Qg5 Qxg5 35. hxg5 g6 36. Be5 R8f7 37. R1e3 Rh7+ 38. Kg2 Rf5 39. Rg4 Rh5 40. Bf6 Bd7 41. Rgg3 Kf7 42. Rh3 Rf4 43. Rxh5 gxh5 44. Rg3 Kg6 45. Re3 Rg4+ 46. Kh2 Rf4 47. Kg2 Rg4+ 48. Kh2 Rf4 49. Kg2 1/2-1/2


[Site "https://www.chess.com"]